| TOP OF THE 1ST |
|
Chicago Cubs batting - Pitching for St. Louis Cardinals : RHP Geoff Mooney
|
|
Pitching: RHP Geoff Mooney
|
|
|
Batting: SHB Moe Lester
|
0-0: Ground out 5-3 (Groundball, P, EV 86.9 MPH)
|
|
Batting: RHB Yasuhide Kasahara
|
0-0: Swinging Strike 0-1: Swinging Strike 0-2: Ground out 4-3 (Groundball, 4, EV 83.1 MPH)
|
|
Batting: RHB Efrain Vargas
|
0-0: Ball 1-0: Ball 2-0: Foul Ball, location: 2F 2-1: Ball 3-1: Base on Balls
|
|
Batting: RHB Jose Balderrama
|
0-0: Called Strike 0-1: Foul Ball, location: 2F 0-2: Strikes out swinging
|
| Top of the 1st over - 0 runs, 0 hits, 0 errors, 1 left on base; Chicago 0 - St. Louis 0 |
| BOTTOM OF THE 1ST |
|
St. Louis Cardinals batting - Pitching for Chicago Cubs : RHP Randy Budgell
|
|
Pitching: RHP Randy Budgell
|
|
|
Batting: LHB Ichiro Toyota
|
0-0: Ball 1-0: Ball 2-0: Ball 3-0: Foul Ball, location: 2F 3-1: Swinging Strike 3-2: Strikes out looking
|
|
Batting: LHB Pat Sutton
|
0-0: Ball 1-0: Called Strike 1-1: Ground out 2-3 (Groundball, 13S, EV 64.4 MPH)
|
|
Batting: SHB Harry Hoop
|
0-0: Ball 1-0: SINGLE (Groundball, 56S, EV 63.8 MPH) (infield hit)
|
|
Batting: SHB Antoine Roux
|
0-0: Ground out U3 (Groundball, 3L, EV 95.0 MPH)
|
| Bottom of the 1st over - 0 runs, 1 hit, 0 errors, 1 left on base; Chicago 0 - St. Louis 0 |
| TOP OF THE 2ND |
|
Chicago Cubs batting - Pitching for St. Louis Cardinals : RHP Geoff Mooney
|
|
Batting: LHB Kevin Norton
|
0-0: Ground out 1-3 (Groundball, 34S, EV 68.1 MPH)
|
|
Batting: RHB Alan Oxenrider
|
0-0: Ball 1-0: Ball 2-0: SINGLE (Line Drive, 9S, EV 94.4 MPH)
|
|
Batting: RHB Steve Bartman Jr.
|
Pickoff Throw to First - Out! 1-3 0-0: Called Strike 0-1: Fly out, F8 (Line Drive, 8LS, EV 98.1 MPH)
|
| Top of the 2nd over - 0 runs, 1 hit, 0 errors, 0 left on base; Chicago 0 - St. Louis 0 |
| BOTTOM OF THE 2ND |
|
St. Louis Cardinals batting - Pitching for Chicago Cubs : RHP Randy Budgell
|
|
Batting: LHB Armando Carbajal
|
0-0: Called Strike 0-1: Foul Ball, location: 2F 0-2: Ball 1-2: Strikes out swinging
|
|
Batting: RHB Jordan Diaz
|
0-0: Swinging Strike 0-1: Ball 1-1: Foul Ball, location: 2F 1-2: Ball 2-2: Ball 3-2: Strikes out looking
|
|
Batting: SHB Chris Blue
|
0-0: Ball 1-0: Ball 2-0: Called Strike 2-1: Swinging Strike 2-2: Fly out, F5 (Popup, 6S, EV 80.0 MPH)
|
| Bottom of the 2nd over - 0 runs, 0 hits, 0 errors, 0 left on base; Chicago 0 - St. Louis 0 |
| TOP OF THE 3RD |
|
Chicago Cubs batting - Pitching for St. Louis Cardinals : RHP Geoff Mooney
|
|
Batting: LHB Andy Arbuckle
|
0-0: Swinging Strike 0-1: Swinging Strike 0-2: Foul Ball, location: 2F 0-2: Ball 1-2: Foul Ball, location: 2F 1-2: Ball 2-2: Ball 3-2: Strikes out looking
|
|
Batting: SHB Tim Hone
|
0-0: Ball 1-0: Ball 2-0: Ground out 1-3 (Groundball, 13S, EV 76.2 MPH)
|
|
Batting: SHB Moe Lester
|
0-0: Ball 1-0: Ball 2-0: Ball 3-0: Base on Balls
|
|
Batting: RHB Yasuhide Kasahara
|
0-0: TRIPLE (Line Drive, 7D, EV 100.6 MPH) Moe Lester scores
|
|
Batting: RHB Efrain Vargas
|
0-0: Ball Wild Pitch! Yasuhide Kasahara scores 1-0: Ball 2-0: Ground out 6-3 (Groundball, 6, EV 101.9 MPH)
|
| Top of the 3rd over - 2 runs, 1 hit, 0 errors, 0 left on base; Chicago 2 - St. Louis 0 |
| BOTTOM OF THE 3RD |
|
St. Louis Cardinals batting - Pitching for Chicago Cubs : RHP Randy Budgell
|
|
Batting: RHB Melvin Enriquez
|
0-0: Ball 1-0: Fly out, F9 (Flyball, 9D, EV 94.4 MPH)
|
|
Batting: RHB Klaas Meij
|
0-0: SOLO HOME RUN (Flyball, 7D, EV 93.8 MPH), Distance : 366 ft
|
|
Batting: LHB Ichiro Toyota
|
0-0: Ball 1-0: Ground out 6-3 (Groundball, 6, EV 104.4 MPH)
|
|
Batting: LHB Pat Sutton
|
0-0: Ball 1-0: Ball 2-0: Ball 3-0: Called Strike 3-1: Foul Ball, location: 2F 3-2: Strikes out swinging
|
| Bottom of the 3rd over - 1 run, 1 hit, 0 errors, 0 left on base; Chicago 2 - St. Louis 1 |
| TOP OF THE 4TH |
|
Chicago Cubs batting - Pitching for St. Louis Cardinals : RHP Geoff Mooney
|
|
Batting: RHB Jose Balderrama
|
0-0: Called Strike 0-1: Foul Ball, location: 2F 0-2: Ball 1-2: Strikes out swinging
|
|
Batting: LHB Kevin Norton
|
0-0: Ball 1-0: Ball 2-0: Foul Ball, location: 2F 2-1: Swinging Strike 2-2: Fly out, F8 (Flyball, 8RM, EV 85.6 MPH)
|
|
Batting: RHB Alan Oxenrider
|
0-0: Fly out, F7 (Flyball, 7LM, EV 99.4 MPH)
|
| Top of the 4th over - 0 runs, 0 hits, 0 errors, 0 left on base; Chicago 2 - St. Louis 1 |
| BOTTOM OF THE 4TH |
|
St. Louis Cardinals batting - Pitching for Chicago Cubs : RHP Randy Budgell
|
|
Batting: SHB Harry Hoop
|
0-0: Ball 1-0: Ball 2-0: Foul Ball, location: 2F 2-1: Ball 3-1: Swinging Strike 3-2: Foul Ball, location: 2F 3-2: Strikes out swinging
|
|
Batting: SHB Antoine Roux
|
0-0: Ball 1-0: Ground out U3 (Groundball, 3, EV 89.4 MPH)
|
|
Batting: LHB Armando Carbajal
|
0-0: Called Strike 0-1: Called Strike 0-2: Foul Ball, location: 2F 0-2: Ball 1-2: Foul Ball, location: 2F 1-2: Ball 2-2: Strikes out swinging
|
| Bottom of the 4th over - 0 runs, 0 hits, 0 errors, 0 left on base; Chicago 2 - St. Louis 1 |
| TOP OF THE 5TH |
|
Chicago Cubs batting - Pitching for St. Louis Cardinals : RHP Geoff Mooney
|
|
Batting: RHB Steve Bartman Jr.
|
0-0: Swinging Strike 0-1: Ball 1-1: Ball 2-1: Foul Ball, location: 2F 2-2: SINGLE (Groundball, 6D, EV 95.6 MPH)
|
|
Batting: LHB Andy Arbuckle
|
0-0: Called Strike 0-1: Ball 1-1: Foul Ball, location: 2F 1-2: Foul Ball, location: 2F 1-2: Foul Ball, location: 2F 1-2: Strikes out swinging
|
|
Batting: SHB Tim Hone
|
0-0: Called Strike 0-1: Ball Steve Bartman Jr. steals 2nd base 1-1: Ground out 4-3 (Groundball, 4, EV 102.5 MPH) Steve Bartman Jr. to third
|
|
Batting: SHB Moe Lester
|
0-0: Ball 1-0: Ball 2-0: Ball 3-0: Base on Balls
|
|
Batting: RHB Yasuhide Kasahara
|
0-0: Ball 1-0: Ball 2-0: Ball 3-0: Base on Balls Moe Lester to second
|
|
Batting: RHB Efrain Vargas
|
0-0: Swinging Strike 0-1: Ball 1-1: Ball 2-1: Foul Ball, location: 2F 2-2: Foul Ball, location: 2F 2-2: Strikes out swinging
|
| Top of the 5th over - 0 runs, 1 hit, 0 errors, 3 left on base; Chicago 2 - St. Louis 1 |
| BOTTOM OF THE 5TH |
|
St. Louis Cardinals batting - Pitching for Chicago Cubs : RHP Randy Budgell
|
|
Batting: RHB Jordan Diaz
|
0-0: Called Strike 0-1: Ball 1-1: Swinging Strike 1-2: Strikes out swinging
|
|
Batting: SHB Chris Blue
|
0-0: Ball 1-0: Called Strike 1-1: Called Strike 1-2: Ball 2-2: Fly out, F8 (Line Drive, 8RD, EV 89.4 MPH)
|
|
Batting: RHB Melvin Enriquez
|
0-0: Foul Ball, location: 2F 0-1: Foul Ball, location: 2F 0-2: Ball 1-2: SINGLE (Groundball, 6MD, EV 97.5 MPH)
|
|
Batting: RHB Klaas Meij
|
0-0: Ball 1-0: Called Strike 1-1: Called Strike 1-2: Strikes out swinging
|
| Bottom of the 5th over - 0 runs, 1 hit, 0 errors, 1 left on base; Chicago 2 - St. Louis 1 |
| TOP OF THE 6TH |
|
Chicago Cubs batting - Pitching for St. Louis Cardinals : RHP Geoff Mooney
|
|
Batting: RHB Jose Balderrama
|
0-0: Ball 1-0: Ball 2-0: Foul Ball, location: 2F 2-1: Swinging Strike 2-2: Ball 3-2: Foul Ball, location: 2F 3-2: Foul Ball, location: 2F 3-2: Base on Balls
|
|
Batting: LHB Kevin Norton
|
0-0: Ball 1-0: Ball 2-0: Ball 3-0: Called Strike 3-1: Base on Balls Jose Balderrama to second
|
|
Batting: RHB Alan Oxenrider
|
0-0: Ball 1-0: Fly out, F9 (Flyball, 89S, EV 94.4 MPH)
|
|
Batting: RHB Steve Bartman Jr.
|
0-0: Foul Ball, location: 2F 0-1: Ground out 3-1 (Groundball, 13, EV 79.4 MPH) Jose Balderrama to third Kevin Norton to second
|
|
Batting: LHB Andy Arbuckle
|
0-0: Called Strike 0-1: Ball 1-1: Ball 2-1: Ball 3-1: Base on Balls
|
|
Batting: SHB Tim Hone
|
0-0: Ball 1-0: Ball 2-0: Foul Ball, location: 2F 2-1: Ground out 4-3 (Groundball, 4, EV 107.5 MPH)
|
| Top of the 6th over - 0 runs, 0 hits, 0 errors, 3 left on base; Chicago 2 - St. Louis 1 |
| BOTTOM OF THE 6TH |
|
St. Louis Cardinals batting - Pitching for Chicago Cubs : RHP Randy Budgell
|
|
Batting: LHB Ichiro Toyota
|
0-0: Swinging Strike 0-1: Foul Ball, location: 2F 0-2: Strikes out swinging
|
|
Batting: LHB Pat Sutton
|
0-0: Ball 1-0: Ball 2-0: Ball 3-0: Called Strike 3-1: SOLO HOME RUN (Flyball, 9D, EV 94.4 MPH), Distance : 371 ft
|
|
Batting: SHB Harry Hoop
|
0-0: Ball 1-0: Fly out, F8 (Flyball, 78M, EV 93.8 MPH)
|
|
Batting: SHB Antoine Roux
|
0-0: Foul Ball, location: 2F 0-1: SINGLE (Groundball, 34D, EV 98.1 MPH)
|
|
Batting: LHB Armando Carbajal
|
0-0: Ball 1-0: Called Strike 1-1: Foul Ball, location: 2F 1-2: Hit by Pitch Antoine Roux to second
|
|
Batting: RHB Jordan Diaz
|
0-0: Ball 1-0: Ground out 6-3 (Groundball, 56, EV 100.0 MPH)
|
| Bottom of the 6th over - 1 run, 2 hits, 0 errors, 2 left on base; Chicago 2 - St. Louis 2 |
| TOP OF THE 7TH |
|
Chicago Cubs batting - Pitching for St. Louis Cardinals : RHP Geoff Mooney
|
|
Pitching: RHP Ray Scifo
|
|
|
Batting: SHB Moe Lester
|
0-0: Swinging Strike 0-1: Called Strike 0-2: Ball 1-2: Foul Ball, location: 2F 1-2: Ball 2-2: Strikes out swinging
|
|
Batting: RHB Yasuhide Kasahara
|
0-0: Ball 1-0: Fly out, F8 (Flyball, 8LD, EV 93.8 MPH)
|
|
Batting: RHB Efrain Vargas
|
0-0: Ball 1-0: Called Strike 1-1: Called Strike 1-2: Foul Ball, location: 2F 1-2: Ball 2-2: Ball 3-2: Base on Balls
|
|
Batting: RHB Jose Balderrama
|
0-0: Called Strike 0-1: Ball 1-1: Ball 2-1: Swinging Strike 2-2: Foul Ball, location: 2F 2-2: Strikes out looking
|
| Top of the 7th over - 0 runs, 0 hits, 0 errors, 1 left on base; Chicago 2 - St. Louis 2 |
| BOTTOM OF THE 7TH |
|
St. Louis Cardinals batting - Pitching for Chicago Cubs : RHP Randy Budgell
|
|
Batting: SHB Chris Blue
|
0-0: Called Strike 0-1: Called Strike 0-2: Fly out, F9 (Line Drive, 9, EV 86.9 MPH)
|
|
Batting: RHB Melvin Enriquez
|
0-0: Foul Ball, location: 2F 0-1: Called Strike 0-2: Ball 1-2: Foul Ball, location: 2F 1-2: Strikes out swinging
|
|
Batting: RHB Klaas Meij
|
0-0: Fly out, F7 (Flyball, 7S, EV 90.0 MPH)
|
| Bottom of the 7th over - 0 runs, 0 hits, 0 errors, 0 left on base; Chicago 2 - St. Louis 2 |
| TOP OF THE 8TH |
|
Chicago Cubs batting - Pitching for St. Louis Cardinals : RHP Ray Scifo
|
|
Pitching: RHP Derek White
|
|
|
Batting: LHB Kevin Norton
|
0-0: Called Strike 0-1: Fly out, F9 (Flyball, 89M, EV 89.4 MPH)
|
|
Pinch Hitting: LHB Barend van der Kamp
|
0-0: Swinging Strike 0-1: Ground out 6-3 (Groundball, 6S, EV 63.1 MPH)
|
|
Batting: RHB Steve Bartman Jr.
|
0-0: Ball 1-0: Ball 2-0: Ball 3-0: Fly out, F7 (Line Drive, 78M, EV 101.9 MPH)
|
| Top of the 8th over - 0 runs, 0 hits, 0 errors, 0 left on base; Chicago 2 - St. Louis 2 |
| BOTTOM OF THE 8TH |
|
St. Louis Cardinals batting - Pitching for Chicago Cubs : RHP Randy Budgell
|
|
Now at 3B: Adam Kelliher
|
|
|
Batting: LHB Ichiro Toyota
|
0-0: Called Strike 0-1: Foul Ball, location: 2F 0-2: Foul Ball, location: 2F 0-2: Strikes out swinging
|
|
Pitching: LHP Mike Alexander
|
|
|
Batting: LHB Pat Sutton
|
0-0: Foul Ball, location: 2F 0-1: Foul Ball, location: 2F 0-2: Strikes out swinging
|
|
Batting: SHB Harry Hoop
|
0-0: Ball 1-0: Foul Ball, location: 2F 1-1: Swinging Strike 1-2: Foul Ball, location: 2F 1-2: Strikes out swinging
|
| Bottom of the 8th over - 0 runs, 0 hits, 0 errors, 0 left on base; Chicago 2 - St. Louis 2 |
| TOP OF THE 9TH |
|
Chicago Cubs batting - Pitching for St. Louis Cardinals : RHP Derek White
|
|
Batting: LHB Andy Arbuckle
|
0-0: Ball 1-0: Called Strike 1-1: Ball 2-1: Ball 3-1: Foul Ball, location: 2F 3-2: Strikes out looking
|
|
Batting: SHB Tim Hone
|
0-0: Fly out, F8 (Flyball, 8RD, EV 97.5 MPH)
|
|
Batting: SHB Moe Lester
|
0-0: Called Strike 0-1: Foul Ball, location: 2F 0-2: Ball 1-2: Foul Ball, location: 2F 1-2: Foul Ball, location: 2F 1-2: Ball 2-2: Foul Ball, location: 2F 2-2: Strikes out looking
|
| Top of the 9th over - 0 runs, 0 hits, 0 errors, 0 left on base; Chicago 2 - St. Louis 2 |
| BOTTOM OF THE 9TH |
|
St. Louis Cardinals batting - Pitching for Chicago Cubs : LHP Mike Alexander
|
|
Batting: SHB Antoine Roux
|
0-0: Called Strike 0-1: Ball 1-1: Called Strike 1-2: Foul Ball, location: 2F 1-2: Ball 2-2: Foul Ball, location: 2F 2-2: Fly out, F4 (Flyball, 4D, EV 83.8 MPH)
|
|
Batting: LHB Armando Carbajal
|
0-0: Foul Ball, location: 2F 0-1: Ball 1-1: Ball 2-1: Foul Ball, location: 2F 2-2: Ground out 1-3 (Groundball, 13S, EV 67.5 MPH)
|
|
Batting: RHB Jordan Diaz
|
0-0: Ball 1-0: Ball 2-0: Ball 3-0: Called Strike 3-1: SOLO HOME RUN (Flyball, 7D, EV 101.9 MPH), Distance : 380 ft
|
| Bottom of the 9th over - 1 run, 1 hit, 0 errors, 0 left on base; Chicago 2 - St. Louis 3 |
|